 Dungeon Sprint DCSS version 0.24-a0-520-g8fd06ad (webtiles) character file.

Game seed: 16191791736550504326

4859 schets the Unseen (level 10, -2/64 HPs)
             Began as a Vampire Assassin on July 27, 2019.
             Was a High Priest of Dithmenos.
             Slain by a spriggan rider
             ... wielding a +0 spear
              (11 damage)
             ... in the Dungeon (Sprint IV: "Fedhas' Mad Dash").
             The game lasted 00:07:29 (1945 turns).

schets the Unseen (Vampire Assassin)                Turns: 1945, Time: 00:07:30

Health: -2/64      AC:  7    Str: 10    XL:     10   Next: 25%
Magic:  8/8        EV: 15    Int: 18    God:    Dithmenos [*****.]
Gold:   11         SH:  0    Dex: 22    Spells: 10/14 levels left

rFire    x . .     SeeInvis +   q - +5 rapier "Ureamp" {vamp, rF- rC- Dex+7}
rCold    + . .     Gourm    .   (no shield)
rNeg     + + +     Faith    .   r - +0 ring mail
rPois    ∞         Spirit   .   (no helmet)
rElec    +         Reflect  .   c - +0 cloak
rCorr    .         Harm     .   (no gloves)
MR       +....     NoTele   +   (no boots)
Stlth    ++++++++++             l - amulet of invisibility {+Inv}
HPRegen  0.00/turn              n - ring "Bauwk" {rElec rPois MP-9 EV-3 Str-2 Int+2} (curse)
MPRegen  0.11/turn              (no ring)

@: bloodless, regenerating quickly, wreathed by umbra
A: no food, fangs 3, see invisible, unbreathing
a: Bat Form, Revivify, Shadow Step, Shadow Form, Renounce Religion, Evoke
Invisibility


You were in the Dungeon.
You worshipped Dithmenos.
Dithmenos was extremely pleased with you.
You were bloodless.

You visited 1 branch You collected 191 gold pieces.
You spent 180 gold pieces at shops.

Inventory:

Hand Weapons
 a - a +2 dagger
 m - a +0 rapier
 q - the +5 rapier "Ureamp" (weapon) {vamp, rF- rC- Dex+7}
   (You bought it in a shop in the Dungeon)

   It inflicts no extra harm, but heals its wielder when it wounds a living foe.
   It affects your dexterity (+7).
   It makes you vulnerable to fire.
   It makes you vulnerable to cold.
Missiles
 d - 18 poisoned darts (quivered)
 e - 2 curare-tipped darts
Armour
 b - a +0 robe
 c - a +0 cloak (worn)
 r - a +0 ring mail (worn)
 u - a +0 leather armour of positive energy
Magical Staves
 o - an uncursed staff of cold
Jewellery
 l - the amulet of invisibility (around neck) {+Inv}
   (You found it in the Dungeon)

   [amulet of nothing]

   It lets you turn invisible.
 n - the cursed ring "Bauwk" (left hand) {rElec rPois MP-9 EV-3 Str-2 Int+2}
   (You found it in the Dungeon)

   [ring of evasion]

   It affects your evasion (-3).
   It affects your strength (-2).
   It affects your intelligence (+2).
   It insulates you from electricity.
   It protects you from poison.
   It affects your magic capacity (-9).
   It has a curse placed upon it.
Scrolls
 k - a scroll of blinking
 p - 2 scrolls of identify {unknown}
 s - a scroll of remove curse {unknown}
Potions
 f - 2 potions of curing
 g - a potion of heal wounds
 h - a potion of haste
 i - 2 potions of magic
 j - a potion of berserk rage
 t - a potion of agility {unknown}


   Skills:
 + Level 8.0 Fighting
 + Level 9.5 Short Blades
 - Level 1.5 Throwing
 + Level 7.0 Armour
 + Level 10.7 Dodging
 + Level 17.2 Stealth
 + Level 2.7 Spellcasting
 + Level 2.3 Fire Magic
 + Level 4.9 Invocations
 - Level 10.1 Evocations


You had 10 spell levels left.
You knew the following spells:

 Your Spells              Type           Power        Failure   Level  Hunger
a - Magic Dart            Conj           #...         36%         1    N/A
b - Conjure Flame         Conj/Fire      #.......     56%         3    N/A

Your spell library contained the following spells:

 Spells                   Type           Power        Failure   Level  Hunger
 Blink                    Tloc           N/A          50%         2    N/A
 Call Imp                 Summ           #.......     50%         2    N/A
 Slow                     Hex            #.......     50%         2    N/A
 Mephitic Cloud           Conj/Pois/Air  #.......     75%         3    N/A

Dungeon Overview and Level Annotations

Branches:
Dungeon (1/1)

Altars:
Cheibriados
Dithmenos
Elyvilon
Gozag
Hepliaklqana
Kikubaaqudgha
Makhleb
Nemelex Xobeh
Okawaru
Qazlal
Ru
Sif Muna
Trog
Uskayaw
Vehumet
Wu Jian
Xom
Yredelemnul
Zin
The Shining One
Beogh
Jiyva
Lugonu

Shops:
D ((%!

Annotations:
D exclusion: door, Agnes


Innate Abilities, Weirdness & Mutations

You do not eat.
You do not regenerate when monsters are visible.
You are frail without blood (-20% HP).
You are immune to poison.
You have razor-sharp teeth.
You have supernaturally acute eyesight. (SInv)
You can survive without breathing.


Message History

The spriggan rider blocks your shadow's attack.
The spriggan rider hits you with a +0 spear.
You miss the spriggan rider. Your bite misses the spriggan rider.
The spriggan rider is heavily wounded.
The spriggan rider blocks your shadow's attack.
The spriggan rider blocks your attack.
The spriggan rider is heavily wounded.
Your shadow barely misses the spriggan rider.
The spriggan rider closely misses you.
You miss the spriggan rider.
The spriggan rider is heavily wounded.
The spriggan rider hits you with a +0 spear!!
* * * LOW HITPOINT WARNING * * *
You barely miss the spriggan rider.
The spriggan rider is heavily wounded.
Your shadow hits the spriggan rider with a rapier.
The spriggan rider blocks your attack.
The spriggan rider is heavily wounded.
The spriggan rider hits you with a +0 spear!
You die...

####################
_.⌠.#..'.)[#.†..##∩#
._..'..#...#....'.}#
_...#..###'##..)##∩#
._..#..##∩∩.'...#### .
_.⌠.############# ##...
#########....[.###.....♣
###.'.%'.......'@ii..♣
##..#..#.P.....#######
###.##+##.P....#
'...#♣.♣########
#####... ♣.. .... ♣.i.
#####


You could see a spriggan rider and a spriggan.

Vanquished Creatures
  A spriggan druid (D)
  6 oklob plants (D)
  A demonic crawler (D)
  3 burning bushes (D)
  3 wandering mushrooms (D)
  A queen bee (D)
  2 scorpions (D)
  4 killer bees (D)
  5 oklob saplings (D)
  3 spriggans (D)
  A worker ant (D)
  A river rat (D)
  A rat (D)
  A ballistomycete spore (D)
33 creatures vanquished.

Notes
Turn   | Place    | Note
-------+----------+-------------------------------------------
     0 | D        | schets the Vampire Assassin began the quest for the Orb.
     0 | D        | Reached XP level 1. HP: 16/16 MP: 1/1
    14 | D        | Reached skill level 7 in Stealth
    14 | D        | Reached XP level 2. HP: 17/17 MP: 2/2
    16 | D        | Reached skill level 8 in Stealth
    22 | D        | Noticed an oklob sapling
    24 | D        | Killed an oklob sapling
    24 | D        | Reached skill level 10 in Stealth
    24 | D        | Reached XP level 3. HP: 21/21 MP: 3/3
    27 | D        | Found the amulet of invisibility {+Inv}
    45 | D        | Found an opulent altar of Gozag.
    45 | D        | Found a hazy altar of Hepliaklqana.
    45 | D        | Found a burning altar of Makhleb.
    45 | D        | Found a roughly hewn altar of Beogh.
    45 | D        | Found a sparkling altar of Nemelex Xobeh.
    45 | D        | Found a snail-covered altar of Cheibriados.
    45 | D        | Found a sacrificial altar of Ru.
    45 | D        | Found a deep blue altar of Sif Muna.
    45 | D        | Found a shimmering altar of Xom.
    45 | D        | Found a basalt altar of Yredelemnul.
    46 | D        | Found a viscous altar of Jiyva.
    46 | D        | Found a bloodstained altar of Trog.
    46 | D        | Found an ornate altar of the Wu Jian Council.
    46 | D        | Noticed an oklob sapling priest
    47 | D        | Found an iron altar of Okawaru.
    47 | D        | Found a glowing silver altar of Zin.
    47 | D        | Found a shadowy altar of Dithmenos.
    48 | D        | Found a hide-covered altar of Uskayaw.
    48 | D        | Found an ancient bone altar of Kikubaaqudgha.
    49 | D        | Found a stormy altar of Qazlal.
    49 | D        | Found a glowing golden altar of the Shining One.
    49 | D        | Found a white marble altar of Elyvilon.
    50 | D        | Found a radiant altar of Vehumet.
    50 | D        | Found a corrupted altar of Lugonu.
    53 | D        | Killed an oklob sapling priest
    53 | D        | Reached skill level 5 in Dodging
    53 | D        | Reached skill level 12 in Stealth
    53 | D        | Reached XP level 4. HP: 26/26 MP: 3/6
   106 | D        | Reached XP level 5. HP: 30/30 MP: 7/7
   228 | D        | Became a worshipper of Dithmenos the Shadowed
   663 | D        | Reached skill level 1 in Armour
   663 | D        | Reached skill level 13 in Stealth
   664 | D        | Reached * piety under Dithmenos
   677 | D        | Found Howkue's Antique Weapon Shop.
   677 | D        | Found Kumuricic's Antique Weapon Emporium.
   719 | D        | Noticed a queen bee
   724 | D        | Killed a queen bee
   724 | D        | Reached skill level 14 in Stealth
   724 | D        | Reached XP level 6. HP: 38/38 MP: 7/10
   725 | D        | Reached ** piety under Dithmenos
   725 | D        | Reached XP level 7. HP: 42/42 MP: 7/11
   728 | D        | Reached skill level 5 in Short Blades
   729 | D        | Reached skill level 15 in Stealth
   766 | D        | Noticed a burning bush
   769 | D        | Killed a burning bush
   769 | D        | Reached *** piety under Dithmenos
   775 | D        | Got a serpentine lead ring
   776 | D        | Identified the cursed ring "Bauwk" {rElec rPois MP-9 EV-3
                  | Str-2 Int+2} (You found it in the Dungeon)
   888 | D        | Noticed an oklob plant
   891 | D        | Killed an oklob plant
   891 | D        | Reached skill level 5 in Fighting
   891 | D        | Reached skill level 16 in Stealth
   891 | D        | Reached XP level 8. HP: 49/49 MP: 3/14
   936 | D        | Noticed a burning bush
   936 | D        | Noticed a wandering mushroom
   937 | D        | Noticed a wandering mushroom
   939 | D        | Killed a wandering mushroom
   941 | D        | Killed a burning bush
   941 | D        | Reached skill level 17 in Stealth
   942 | D        | Killed a wandering mushroom
   942 | D        | Reached **** piety under Dithmenos
   942 | D        | Reached skill level 5 in Armour
   944 | D        | Reached XP level 9. HP: 55/55 MP: 3/15
   957 | D        | Found Camerenk's Food Shoppe.
   958 | D        | Found Heacvoy's Distillery.
  1004 | D        | Noticed a burning bush
  1004 | D        | Noticed an oklob plant
  1005 | D        | Noticed a wandering mushroom
  1006 | D        | Killed a burning bush
  1006 | D        | Reached skill level 1 in Invocations
  1012 | D        | Killed an oklob plant
  1018 | D        | Killed a wandering mushroom
  1018 | D        | Reached ***** piety under Dithmenos
  1018 | D        | Reached skill level 10 in Evocations
  1233 | D        | Noticed a spriggan druid
  1234 | D        | Killed a spriggan druid
  1234 | D        | Reached skill level 10 in Dodging
  1249 | D        | Noticed an oklob plant conjurer
  1250 | D        | Killed an oklob plant conjurer
  1310 | D        | Bought a scorched rapier for 180 gold pieces
  1310 | D        | Identified the +5 rapier "Ureamp" {vamp, rF- rC- Dex+7}
                  | (You bought it in a shop in the Dungeon)
  1373 | D        | Learned a level 1 spell: Magic Dart
  1592 | D        | Learned a level 3 spell: Conjure Flame
  1708 | D        | Noticed Agnes
  1710 | D        | Noticed an oklob plant
  1715 | D        | Noticed an oklob plant shifter
  1715 | D        | Noticed an oklob plant summoner
  1719 | D        | Killed an oklob plant
  1719 | D        | Reached skill level 1 in Spellcasting
  1719 | D        | Reached skill level 1 in Fire Magic
  1719 | D        | Reached XP level 10. HP: 63/63 MP: 5/17
  1724 | D        | Killed an oklob plant shifter
  1725 | D        | Killed an oklob plant summoner
  1921 | D        | Noticed a spriggan rider
  1945 | D        | Slain by a spriggan rider

Levels and vault maps discovered:
D:        dungeon_sprint_fedhas [sprint_temple]

Skill      XL: |  1  2  3  4  5  6  7  8  9 10 |
---------------+-------------------------------+-----
Dodging        | 2 4 5 7 8 9 10 | 10.7
Stealth        | 7 10 12 14 16 17 | 17.2
Evocations     | 2 3 6 8 9 10 | 10.1
Fighting       | 3 5 6 7 8 |  8.0
Short Blades   | 4 6 7 9 |  9.5
Armour         | 2 3 4 5 6 7 |  7.0
Invocations    | 4 |  4.9
Spellcasting   | 1 2 |  2.7
Fire Magic     | 1 2 |  2.3
Throwing       | |  1.5

Action                   |  1- 3 |  4- 6 |  7- 9 | 10-12 || total
-------------------------+-------+-------+-------+-------++-------
Melee: Dagger            |     5 |     9 |    15 |       ||    29
       Rapier            |       |       |     3 |    25 ||    28
 Cast: Magic Dart        |       |       |     1 |       ||     1
 Abil: Exsanguinate      |     1 |       |       |       ||     1
       Evoke Invisibilit |       |     4 |     3 |       ||     7
       Revivify          |       |       |       |     1 ||     1
 Stab: Sleeping          |     5 |     6 |    15 |     1 ||    27
       Invisible         |       |     1 |     2 |     2 ||     5
Armor: Robe              |       |       |     1 |       ||     1
       Ring mail         |       |       |       |     2 ||     2
Dodge: Dodged            |       |       |       |     6 ||     6

Table legend:
 A = Non-vault XP
 B = Vault XP
 C = Vault XP percentage of total XP
 D = Non-vault monster count
 E = Vault monster count
 F = Vault count percentage of total count
                 A         B        C        D         E       F
            +---------+---------+-------+---------+---------+-------
      Total |       0 |    6942 | 100.0 |       0 |      32 | 100.0
            +---------+---------+-------+---------+---------+-------
          D |       0 |    6942 | 100.0 |       0 |      32 | 100.0
            +---------+---------+-------+---------+---------+-------
